 Dungeon Crawl Stone Soup version 0.25-a0-424-g80bd347ae0 (webtiles) character file.

Game seed: 1222899083166885103, levelgen mode: deterministic

2309 Ijustatesigmund the Shield-Bearer (level 9, -4/63 HPs)
             Began as an Octopode Fighter on Jan 21, 2020.
             Shot with an arrow by a centaur (6 damage)
             ... on level 8 of the Dungeon.
             The game lasted 00:16:48 (8490 turns).

Ijustatesigmund the Shield-Bearer (OpFi)            Turns: 8490, Time: 00:16:48

Health: -4/63      AC:  3    Str: 16    XL:     9   Next: 41%
Magic:  0/9        EV: 15    Int:  8    God:
Gold:   432        SH: 13    Dex: 14    Spells: 8/8 levels left

rFire    + + .     SeeInvis .   a - +1 flail
rCold    . . .     Gourm    .   b - +3 shield
rNeg     . . .     Faith    .   (helmet restricted)
rPois    .         Spirit   +   m - amulet of guardian spirit
rElec    .         Reflect  .   i - ring of resist corrosion
rCorr    +         Harm     .   n - ring of protection from fire
MR       .....                  (no ring)
Stlth    ++........             (no ring)
HPRegen  0.20/turn              (no ring)
MPRegen  0.11/turn              (no ring)
                                (no ring)
                                (no ring)

@: no status effects
A: almost no armour, stealthy swim, amphibious, 8 rings, constrict 8, slimy
green scales 1, camouflage 1, dopey 1, fire resistance 1, gelatinous body 1
a: no special abilities


You were on level 8 of the Dungeon.
You were hungry.

You visited 1 branch of the dungeon, and saw 8 of its levels.

You collected 432 gold pieces.

Inventory:

Hand Weapons
 a - a +1 flail (weapon)
Armour
 b - a +3 shield (worn)
Jewellery
 i - a ring of resist corrosion (left tentacle)
 k - an uncursed ring of ice
 m - an amulet of guardian spirit (around mantle)
 n - a ring of protection from fire (right tentacle)
Wands
 h - a wand of iceblast (10)
Scrolls
 c - 3 scrolls of identify
 g - a scroll of amnesia
 j - a scroll of fog
 l - 2 scrolls of remove curse
Potions
 e - 3 potions of flight
 f - 2 potions of magic
Comestibles
 d - 5 rations


   Skills:
 + Level 6.8 Fighting
 + Level 6.4 Maces & Flails
 + Level 6.8 Dodging
 + Level 6.9 Shields


You had 8 spell levels left.
You didn't know any spells.
Your spell library contained the following spells:

 Spells                   Type           Power        Failure   Level  Hunger
 Magic Dart               Conj           #...         77%         1    ##.....
 Searing Ray              Conj           #.....       88%         2    ###....
 Dazzling Flash           Conj/Hex       #.....       98%         3    ####...
 Fulminant Prism          Conj/Hex       #.........   100%        4    #####..
 Iskenderun's Mystic Bla  Conj/Tloc      #.......     100%        4    #####..


Dungeon Overview and Level Annotations

Branches:
Dungeon (8/15)             Temple (0/1) D:7
   Lair: D:8-11

Altars:
Qazlal
Vehumet
Xom

Shops:
D:7 %

Annotations:
D:6 exclusion: oklob plant
D:7 1 runed translucent door, pantherbaby's ghost, novice DsGl


Innate Abilities, Weirdness & Mutations

You cannot wear most types of armour.
You are very stealthy in the water. (Stealth+)
You are amphibious.
You can wear up to eight rings at the same time.
You can use your tentacles to constrict eight enemies at once.
Your skin changes colour to match your surroundings (Stealth+).
Your rubbery body absorbs attacks. (AC +1, EV +1)
You are partially covered in slimy green scales. (AC +2)
You are dopey. (Int -2)
Your flesh is heat resistant. (rF+)


Message History

The big kobold shouts!
The kobold shouts!
You hit the swamp worm. You grab the swamp worm.
The swamp worm is lightly wounded.
You constrict the swamp worm.
You hear a shout!
The swamp worm bites you but does no damage.
The centaur wields a +0 shortbow.
The centaur shoots an arrow.
You block the arrow. The swamp worm closely misses you.
You block the swamp worm's attack.
You hit the swamp worm but do no damage.
You constrict the swamp worm.
The centaur shoots an arrow.
You block the arrow. The swamp worm barely misses you.
The swamp worm bites you.
* * * LOW HITPOINT WARNING * * *
The kobold hits you but does no damage.
You sock the swamp worm!
The swamp worm is moderately wounded.
You constrict the swamp worm. You block the swamp worm's attack.
The swamp worm barely misses you.
The centaur shoots an arrow.
The arrow hits you.
You die...

###..##..# ........#
... #.......# ..
#(h.....# ..
#Hh.....# # #.
#h###..##
#.##.###c###### ..#
+.............# ...#
#.......@.....#....+
#......Kww....#....#
###+###≈K≈≈≈###......
...K≈K≈≈≈≈.....#.#
....≈≈P≈P≈≈...#....
...K≈≈##≈##≈≈..#.#.#
...≈≈≈#≈=≈#≈≈≈......
.###
###≈≈##≈≈≈##≈≈...#.#
... .≈≈
≈≈≈≈≈#≈≈......


You could see a hippogriff, 2 swamp worms, a big kobold, a centaur, 3 jackals
and 4 kobolds.

Vanquished Creatures
  A hippogriff (D:7)
  A hungry ghost (D:7)
  An orc warrior (D:7)
  A phantom (D:7)
  Blork the orc (D:6)
  A gnoll sergeant (D:6)
  A bullfrog (D:8)
  A water moccasin zombie (D:6)
  3 scorpions
  A howler monkey (D:7)
  2 crimson imps
  A bullfrog zombie (D:6)
  8 jellies
  A hound (D:6)
  6 orc wizards
  6 orc priests
  Crazy Yiuf (D:5)
  A centaur skeleton (D:6)
  Jessica (D:2)
  Ijyb (D:5)
  Natasha (D:2)
  An iguana (D:8)
  4 worker ants
  A hound zombie (D:6)
  A hound skeleton (D:5)
  11 gnolls
  4 adders
  A shadow imp (D:6)
  15 oozes
  3 adder skeletons
  An adder zombie (D:6)
  4 worms
  A dart slug (D:3)
  2 leopard geckos
  27 orcs
  7 bats
  8 giant cockroaches
  8 goblins
  9 hobgoblins
  8 jackals
  7 kobolds
  4 quokkas
  8 frilled lizards
  A jackal skeleton (D:7)
  A leopard gecko zombie (D:5)
  A quokka zombie (D:6)
  5 rats
184 creatures vanquished.

Vanquished Creatures (others)
  An orc wizard (D:7)
  7 fungi
  2 plants (D:8)
10 creatures vanquished.

Grand Total: 194 creatures vanquished

Notes
Turn   | Place    | Note
-------+----------+-------------------------------------------
     0 | D:1      | Ijustatesigmund the Octopode Fighter began the quest for
                  | the Orb.
     0 | D:1      | Reached XP level 1. HP: 16/16 MP: 1/1
   124 | D:1      | Reached XP level 2. HP: 11/21 MP: 2/2
   370 | D:1      | Reached XP level 3. HP: 26/26 MP: 3/3
   883 | D:2      | Noticed Jessica
   891 | D:2      | Killed Jessica
   891 | D:2      | Reached XP level 4. HP: 19/31 MP: 4/4
  1293 | D:2      | Noticed Natasha
  1302 | D:2      | Killed Natasha
  1939 | D:3      | Reached XP level 5. HP: 37/37 MP: 5/5
  3307 | D:4      | Reached XP level 6. HP: 39/43 MP: 6/6
  4068 | D:5      | Entered Level 5 of the Dungeon
  4585 | D:5      | Noticed Ijyb
  4586 | D:5      | Reached XP level 7. HP: 35/49 MP: 7/7
  4686 | D:5      | Killed Ijyb
  5211 | D:6      | Reached skill level 5 in Shields
  5606 | D:5      | Reached skill level 5 in Fighting
  5606 | D:5      | Reached skill level 5 in Dodging
  5781 | D:5      | Found a runed translucent door.
  5782 | D:5      | Noticed Crazy Yiuf
  6078 | D:5      | Reached XP level 8. HP: 55/55 MP: 8/8
  6121 | D:5      | Killed Crazy Yiuf
  6363 | D:6      | Noticed Blork the orc
  6409 | D:6      | Killed Blork the orc
  6409 | D:6      | Reached skill level 5 in Maces & Flails
  6609 | D:6      | Found a radiant altar of Vehumet.
  7072 | D:6      | Noticed an oklob plant
  7334 | D:7      | Found Qocsul's Food Boutique.
  7583 | D:7      | Gained mutation: You are dopey. (Int -2) [potion of
                  | mutation]
  7583 | D:7      | Gained mutation: Your flesh is heat resistant. (rF+)
                  | [potion of mutation]
  7583 | D:7      | Gained mutation: You are partially covered in slimy green
                  | scales. (AC +2) [potion of mutation]
  7625 | D:7      | Noticed a hippogriff
  7639 | D:7      | Killed a hippogriff
  7639 | D:7      | Reached XP level 9. HP: 14/63 MP: 2/9
  7957 | D:7      | Found a staircase to the Ecumenical Temple.
  8027 | D:7      | Found a runed translucent door.
  8027 | D:7      | Found a shimmering altar of Xom.
  8027 | D:7      | Noticed pantherbaby's ghost (novice DsGl)
  8027 | D:7      | Noticed a +2 hand axe of chaos
  8117 | D:7      | Found a stormy altar of Qazlal.
  8487 | D:8      | HP: 2/63 [swamp worm/harpoon shot (17)]
  8490 | D:8      | Shot with an arrow by a centaur

Levels and vault maps discovered:
D:1:      denvon_arrival_planthouse, layout_loops_ring,
          hangedman_abyss_or_decor_stabs, grunt_decor_mini_mirrors
D:2:      layout_basic, uniq_jessica, uniq_natasha
D:3:      layout_basic, first_ration
D:4:      layout_basic
D:5:      layout_rooms, uniq_crazy_yiuf_cottage, uniq_ijyb
D:6:      lemuel_slime, layout_basic, basic_altar, grunt_ministairs_11,
          uniq_blork_the_orc
D:7:      layout_basic, lemuel_doored_altar, minmay_temple_entry_waves,
          ebering_ghost_xom, serial_shops, nicolae_shop_stone
D:8:      layout_gridville, serial_glass, glass_columns_a, glass_columns_b,
          glass_columns_a, glass_columns_a, glass_columns_a, glass_columns_c,
          glass_columns_b, glass_columns_b, feat_on_display, feat_on_display,
          feat_on_display, minmay_strange_pillars, serial_shops,
          nicolae_shop_trees, worms_lemuel

Skill      XL: |  1  2  3  4  5  6  7  8 |
---------------+-------------------------+-----
Maces & Flails | 3 4 6 |  6.4
Fighting       | 4 5 6 |  6.8
Dodging        | 4 5 6 |  6.8
Shields        | 4 5 6 |  6.9

Action                   |  1- 3 |  4- 6 |  7- 9 || total
-------------------------+-------+-------+-------++-------
Melee: Flail             |    38 |   157 |   290 ||   485
       Constrict         |    10 |    39 |    49 ||    98
       Tentacles         |     5 |    30 |    53 ||    88
Evoke: Wand              |       |       |    15 ||    15
  Use: Scroll            |       |    10 |     5 ||    15
       Potion            |       |     1 |     6 ||     7
 Stab: Sleeping          |     6 |    10 |     4 ||    20
       Distracted        |       |       |     1 ||     1
  Eat: Chunk             |       |     8 |     9 ||    17
       Ration            |       |     1 |     3 ||     4
Armor: Skin              |       |     6 |    16 ||    22
Dodge: Dodged            |    15 |    47 |   133 ||   195
Block: Shield            |    15 |    87 |   189 ||   291

Table legend:
 A = Non-vault XP
 B = Vault XP
 C = Vault XP percentage of total XP
 D = Non-vault monster count
 E = Vault monster count
 F = Vault count percentage of total count
                 A         B        C        D         E       F
            +---------+---------+-------+---------+---------+-------
      Total |    2678 |     621 |  18.8 |     156 |      29 |  15.7
            +---------+---------+-------+---------+---------+-------
        D:1 |      45 |       0 |   0.0 |      16 |       0 |   0.0
        D:2 |      46 |      72 |  61.0 |      22 |       2 |   8.3
        D:3 |      60 |       0 |   0.0 |      24 |       0 |   0.0
        D:4 |     278 |       0 |   0.0 |      24 |       0 |   0.0
        D:5 |     581 |      76 |  11.6 |      24 |       2 |   7.7
        D:6 |     414 |     473 |  53.3 |      17 |      25 |  59.5
        D:7 |    1067 |       0 |   0.0 |      26 |       0 |   0.0
        D:8 |     187 |       0 |   0.0 |       3 |       0 |   0.0
            +---------+---------+-------+---------+---------+-------
